 Dungeon Crawl Stone Soup version 0.30-a0-760-g5a9884bb7c (webtiles) character file.

Game seed: 164532379173858669

257 unk the Insei (level 6, -4/47 HPs)
             Began as a Gnoll Transmuter on Feb 12, 2023.
             Was a Follower of Jiyva.
             Slain by an ogre
             ... wielding a +0 giant club
              (7 damage)
             ... on level 4 of the Dungeon.
             The game lasted 00:09:24 (2674 turns).

unk the Insei (Gnoll Transmuter)                    Turns: 2674, Time: 00:09:24

Health: -4/47      AC:  2    Str: 11    XL:     6   Next: 16%
Magic:  0/14       EV: 13    Int: 12    God:    Jiyva [*.....]
Gold:   133        SH:  0    Dex: 13    Spells: 12/15 levels left

rFire   . . .      SeeInvis .      - Unarmed
rCold   . . .      Faith    .    (no shield)
rNeg    . . .      Spirit   +    a - +0 robe
rPois   .          Reflect  .    (helmet currently unavailable)
rElec   .          Harm     .    (no cloak)
rCorr   .          Rampage  .    (no gloves)
Will    .....                    (boots currently unavailable)
Stlth   +                        m - amulet of guardian spirit
HPRegen 1.07/turn                (no ring)
MPRegen 0.39/turn                (no ring)

@: confused, appendages, wereblooded
A: horns 2, talons 2, fangs 1, strong nose, distributed training
a: End Transformation, Renounce Religion


You were on level 4 of the Dungeon.
You worshipped Jiyva.
Jiyva was aware of your devotion.
You had temporarily grown beastly horns and talons.
You visited 1 branch of the dungeon, and saw 4 of its levels.
You also visited: Sewer.

You collected 133 gold pieces.

Inventory:

Missiles
 e - a throwing net
 j - 3 javelins
Armour
 a - a +0 robe (worn)
 f - a +0 hat (melded)
 n - a +1 ring mail of cold resistance
Jewellery
 m - an amulet of guardian spirit (around neck)
Scrolls
 c - a scroll of identify {unknown}
 d - a scroll of enchant armour {unknown}
 g - a scroll of vulnerability {unknown}
 h - a scroll of teleportation {unknown}
 k - a scroll of immolation
 o - a scroll of magic mapping {unknown}
 s - a scroll of blinking {unknown}
 t - a scroll of silence {unknown}
 u - a scroll of fog {unknown}
 v - 2 scrolls of fear {unknown}
Potions
 b - a potion of lignification
 i - a potion of ambrosia {unknown}
 l - a potion of invisibility
 p - a potion of magic {unknown}
 q - a potion of brilliance {unknown}
 r - a potion of might {unknown}


   Skills:
 + Level 3.2 Fighting
 + Level 1.9 Short Blades
 + Level 1.9 Long Blades
 + Level 1.9 Axes
 + Level 1.9 Maces & Flails
 + Level 1.9 Polearms
 + Level 1.9 Staves
 + Level 1.9 Ranged Weapons
 + Level 1.9 Throwing
 + Level 1.9 Armour
 + Level 5.0 Dodging
 + Level 1.9 Stealth
 + Level 1.9 Shields
 + Level 6.8 Unarmed Combat
 + Level 5.3 Spellcasting
 + Level 1.5 Conjurations
 + Level 1.5 Hexes
 + Level 1.5 Summonings
 + Level 1.5 Necromancy
 + Level 1.5 Translocations
 + Level 4.1 Transmutations
 + Level 1.5 Fire Magic
 + Level 1.5 Ice Magic
 + Level 1.5 Air Magic
 + Level 1.5 Earth Magic
 + Level 1.5 Poison Magic
 + Level 2.1 Invocations
 + Level 1.9 Evocations


You had 12 spell levels left.
You knew the following spells:

 Your Spells              Type           Power      Damage    Failure   Level
a - Beastly Appendage     Tmut           26%        N/A       3%          1
b - Wereblood             Tmut           13%        N/A       5%          2

Your spell library contained the following spells:

 Spells                   Type           Power      Damage    Failure   Level
 Spider Form              Tmut/Pois      9%         N/A       19%         3
 Ice Form                 Ice/Tmut       9%         N/A       52%         4


Dungeon Overview and Level Annotations

Branches:
Dungeon (4/15)              Sewer (visited)
 Temple: D:4-7

Altars:


Innate Abilities, Weirdness & Mutations

You have temporarily grown beastly horns and talons.
You have very sharp teeth.
Your uncanny sense of smell can sniff out nearby items.
Your experience applies equally to all skills.


Message History

You are confused.
The orc closely misses you. The ogre hits you with a +0 giant club!
You are too confused!
You are too confused!
You are too confused!
You are too confused!
You are too confused!
You are too confused!
You are too confused!
You are too confused!
You are too confused!
You are too confused!
You are too confused!
You hit something. Your kick misses something.
The orc hits you with a +0 hand axe. Something barely misses you.
The orc hits you with a +0 hand axe.
You closely miss something. Your kick misses something.
Your punch misses something. Your bite misses something.
The orc barely misses you. Something hits you.
The ogre hits you with a +0 giant club!!
* * * LOW HITPOINT WARNING * * *
The orc closely misses you.
You bump into the rock wall.
You howl as the wereblood boils in your veins!
The orc hits you with a +0 hand axe.
* * * LOW HITPOINT WARNING * * *
You hear some strange, mumbled words.
Something tries to affect you, but you resist.
The orc misses you. The ogre closely misses you.
You bump into the rock wall.
The orc hits you with a +0 hand axe.
* * * LOW HITPOINT WARNING * * *
The orc hits you with a +0 hand axe.
* * * LOW HITPOINT WARNING * * *
You hear some strange, mumbled words.
A magic dart appears from out of thin air!
The magic dart hits you.
* * * LOW HITPOINT WARNING * * *
You closely miss something. The orc barely misses you. x2
Something hits you but does no damage. The ogre hits you with a +0 giant club!
You die...

∆ ∆ #####
#<..#
###{####
#@oo.#
#oO..#
#....#
)...... ∆
.......#
........#
........#
#........#


You could see an ogre, an orc priest and 2 orcs.

Vanquished Creatures
  A hound (D:3)
  2 jellies (Sewer)
  7 adders
  2 worms (Sewer)
  2 dart slugs
  5 orcs
  7 ball pythons
  3 bats (D:1)
  15 endoplasms
  11 giant cockroaches
  4 goblins
  4 hobgoblins
  5 jackals
  4 kobolds
  A quokka (D:1)
  6 frilled lizards
  6 rats
  A spectral kobold (D:1)
86 creatures vanquished.

Vanquished Creatures (others)
  A worm (D:3)
  A ball python (D:4)
  A kobold (D:3)
  2 bats (D:3)
  A rat (D:3)
6 creatures vanquished.

Grand Total: 92 creatures vanquished

Notes
Turn   | Place    | Note
-------+----------+-------------------------------------------
     0 | D:1      | unk the Gnoll Transmuter began the quest for the Orb.
     0 | D:1      | Reached XP level 1. HP: 17/17 MP: 6/6
   223 | D:1      | Reached XP level 2. HP: 23/23 MP: 5/7
   473 | D:1      | Found a faded altar of an unknown god.
   590 | D:1      | Reached skill level 5 in Spellcasting
   590 | D:1      | Reached XP level 3. HP: 28/28 MP: 6/9
   957 | D:2      | Reached skill level 1 in Invocations
  1068 | D:2      | Reached skill level 1 in Short Blades
  1068 | D:2      | Reached skill level 1 in Long Blades
  1068 | D:2      | Reached skill level 1 in Axes
  1068 | D:2      | Reached skill level 1 in Maces & Flails
  1068 | D:2      | Reached skill level 1 in Polearms
  1068 | D:2      | Reached skill level 1 in Staves
  1068 | D:2      | Reached skill level 1 in Ranged Weapons
  1068 | D:2      | Reached skill level 1 in Throwing
  1068 | D:2      | Reached skill level 1 in Armour
  1068 | D:2      | Reached skill level 1 in Stealth
  1068 | D:2      | Reached skill level 1 in Shields
  1068 | D:2      | Reached skill level 1 in Evocations
  1374 | D:2      | Reached XP level 4. HP: 34/34 MP: 9/11
  1490 | D:3      | Found a glowing drain.
  1495 | Sewer    | Entered a sewer
  1579 | Sewer    | Learned a level 2 spell: Wereblood
  1595 | Sewer    | Reached skill level 1 in Conjurations
  1595 | Sewer    | Reached skill level 1 in Hexes
  1595 | Sewer    | Reached skill level 1 in Summonings
  1595 | Sewer    | Reached skill level 1 in Necromancy
  1595 | Sewer    | Reached skill level 1 in Translocations
  1595 | Sewer    | Reached skill level 1 in Fire Magic
  1595 | Sewer    | Reached skill level 1 in Ice Magic
  1595 | Sewer    | Reached skill level 1 in Air Magic
  1595 | Sewer    | Reached skill level 1 in Earth Magic
  1595 | Sewer    | Reached skill level 1 in Poison Magic
  1722 | Sewer    | Reached XP level 5. HP: 36/40 MP: 7/12
  1784 | Sewer    | Found a viscous altar of Jiyva.
  1809 | Sewer    | Became a worshipper of Jiyva Jodunann the Shapeless
  2143 | D:3      | Reached * piety under Jiyva
  2212 | D:3      | Reached XP level 6. HP: 46/47 MP: 12/14
  2668 | D:4      | Reached skill level 5 in Dodging
  2673 | D:4      | HP: 2/47 [something/magic dart (3)]
  2674 | D:4      | Slain by an ogre

Illustrated notes

Levels and vault maps discovered:
D:1:      dpeg_arrival_stone_temple_mockup, layout_loops_ring,
          dreamdust_ecumenical_altar_drowned_temple
D:2:      layout_rooms
D:3:      layout_basic, gup_sewer_entry_bowl
D:4:      layout_basic

Skill      XL: |  1  2  3  4  5  6 |
---------------+-------------------+-----
Spellcasting   | 5 |  5.3
Invocations    | 1 2 |  2.1
Short Blades   | 1 |  1.9
Long Blades    | 1 |  1.9
Axes           | 1 |  1.9
Maces & Flails | 1 |  1.9
Polearms       | 1 |  1.9
Staves         | 1 |  1.9
Ranged Weapons | 1 |  1.9
Throwing       | 1 |  1.9
Armour         | 1 |  1.9
Stealth        | 1 |  1.9
Shields        | 1 |  1.9
Evocations     | 1 |  1.9
Conjurations   | 1 |  1.5
Hexes          | 1 |  1.5
Summonings     | 1 |  1.5
Necromancy     | 1 |  1.5
Translocations | 1 |  1.5
Fire Magic     | 1 |  1.5
Ice Magic      | 1 |  1.5
Air Magic      | 1 |  1.5
Earth Magic    | 1 |  1.5
Poison Magic   | 1 |  1.5
Fighting       | 3 |  3.2
Transmutations | 4 |  4.1
Dodging        | 5 |  5.0
Unarmed Combat | |  6.8

Action                     |  1- 3 |  4- 6 || total
---------------------------+-------+-------++-------
  Melee: Unarmed           |   121 |   134 ||   255
         Kick              |    11 |    23 ||    34
         Headbutt          |     9 |    15 ||    24
         Bite              |     7 |     6 ||    13
   Cast: Beastly Appendage |    26 |    15 ||    41
         Wereblood         |       |     6 ||     6
    Use: Scroll            |       |     1 ||     1
   Stab: Sleeping          |     2 |     1 ||     3
 Armour: Robe              |    21 |    20 ||    41
  Dodge: Dodged            |    77 |   103 ||   180

Table legend: (Time is in decaauts)
 A = Elapsed time spent in this place.
 B = Non-inter-level travel time spent in this place.
 C = Inter-level travel time spent in this place.
 D = Time resting spent in this place.
 E = Time spent auto-exploring this place.
 F = Levels seen in this place.
 G = Mean time per level.
                   A        B        C        D        E       F      G
               +--------+--------+--------+--------+--------+-----+--------+
         Total |   2676 |   2567 |    109 |    124 |   1810 |   5 |  535.2 |
       Dungeon |   2252 |   2143 |    109 |     52 |   1630 |   4 |  563.0 |
         Sewer |    424 |    424 |      0 |     72 |    180 |   1 |  424.0 |
               +--------+--------+--------+--------+--------+-----+--------+

Top non-repeatable levels by time:
     D:1: 827 daAuts
     D:3: 821 daAuts
     D:2: 591 daAuts
   Sewer: 424 daAuts
     D:4: 11 daAuts
